Workbook
Name Cocoa: 'Crop List'!$C$3
Name Coffee: 'Crop List'!$C$4:$C$5
Name Farm: 'Hidden Lists'!$P$3:$P$5
Name Flower: 'Crop List'!$C$6:$C$13
Name Fruit: 'Crop List'!$C$14:$C$135
Name Herbs: 'Crop List'!$C$136:$C$308
Name Name_CB: '[1]Drop Down Lists'!$C$3:$C$46
Name Nuts: 'Crop List'!$C$309:$C$315
Name PalmOil: 'Crop List'!#REF!
Name SupplyChain: 'Hidden Lists'!$P$6:$P$7
Name Tea: 'Crop List'!$C$316
Name Vegetable: 'Crop List'!$C$317:$C$368

Sheet Coverpage
A1: Official Template
A2: Certification Application Form (CAF) - Group certification
A3: Version | B3: =L14 -> 2.1
F4: Translation Disclaimer
F5: For any question related to the precise meaning of the information contained in the translation, please refer to the official English version for clarification. Any discrepancies or differences in meaning due to translation are not binding and have no effect for auditing or certification purposes.
F9: More information?
F10: For more information about the Rainforest Alliance, visit www.rainforest-alliance.org or contact info@ra.org
F13: Document Name: | J13: Document Code: | L13: Version:
F14: =A2 -> Certification Application Form (CAF) - Group certification | J14: SA-F-GA-4-V2.1 | L14: 2.1
F15: Date of first publication: | H15: Date of revision: | J15: Valid From: | L15: Expires by:
F16: 44354 | H16: 45139 | J16: 45170 | L16: Until further notice
F17: Developed by: | J17: Approved by:
F18: Rainforest Alliance Department Standards and Assurance | J18: Senior Director, Standards and Assurance
F19: Linked to:
F20: SA-S-SD-1-V1.3 Rainforest Alliance 2020 Sustainable Agriculture Standard, Farm requirements SA-R-GA-1-V1.3 Rainforest Alliance 2020 Certification and Auditing Rules
F22: Replaces:
F23: N/A
F24: Applicable to:
F25: Farm Certificate Holders and Certification Bodies
F26: Country/Region:
F27: All
F28: Crop: | J28: Type of Certification:
A29: © 2022 Rainforest Alliance. All rights reserved. | F29: All crops in the scope of the Rainforest Alliance certification system; please see Certification Rules. | J29: Group certification option.
A31: =J14 -> SA-F-GA-4-V2.1
F32: Any use of this content including reproduction, modification, distribution or republication, without the prior written consent of Rainforest Alliance is strictly prohibited.

Sheet Guidance
A1: Guidance
A2: How to use this template | F2: The Certification Application Form (CAF) is an official template provided by Rainforest Alliance for its certification processes to increase the level of consistency, credibility and transparency. This template is mandatory for all Certificate Holders (CHs) and Certification Bodies (CBs) and it is based on all related and binding requirements of the Certification and Auditing Rules. All information the applicable tabs is mandatory, if applicable to a given country/scope. All tabs in this document are mandatory, and Rainforest Alliance also provides a series of guidance templates to be used at the discretion of CBs, if they need references to complement or structure their internal processes related to the Rainforest Alliance.
F5: Farm Certificate Holders should only fill in the information required in the red tab (1). They should send this information to their relevant Certification Body. This will allow Farm Certificate Holders to request quotations from as many Certification Bodies as they see fit, without duplicating efforts to collect and provide information. Fill in tab 1. Application form and send this to your Certification Body of choice. | M5: Step 1:Fill in the Application Form
F7: Certification Bodies receive this document from a Certificate Holder or an applicant. They conduct the audit planning and execution activities in the same file. This helps to centralize information for review by Quality Reviewers and the Rainforest Alliance. The green tabs (2, 2a and 2b) are related to the planning stage of the audit, while the one in blue (3) is related to the reporting stage of the audit. Please know that the audit findings checklist is provided directly in the Rainforest Alliance Certification Platform. | M7: Step 1: Prepare your planning stage on tabs 2, 2a and 2b.
M8: Step 2: Report audit summary information in tab 3.

Sheet 1. Application Form
A1: Certification Rules Clause 1.4.25 | K1: =CONCATENATE('Hidden Lists'!C21," ",'Hidden Lists'!C22) -> Version 2.1 July 2023
A2: Certification Application Form (CAF)
A3: For Farm Certificate Holders & Applicants Group certification
A4: Sustainable Agriculture Standard 2020
A5: The following form is an extract of key information provided during the Registration Processes in the Rainforest Alliance Certification Platform. It clarifies the certification scope to define the audit scope, planning, duration and reporting. By agreeing with the Terms & Conditions at the bottom of this form the applicant confirms that the data entered in the form is accurate and acknowledges that discrepancies in data identified during the audit may lead to potential changes in audit scope including increase in sample size and audit duration. Please go through all white cells and insert the corresponding value applicable to each one of them. In case a value is not applicable or it is a null value, please indicate it as a 0 (zero) before sending your application to your Certification Body as this indicates you have reviewed data. Cells indicated with underlined text have guidance texts, please click over to see the related guidance. The Certification Body is responsible for ensuring that any differences between the final certification scope and the one based on the information supplied by the applicant are reflected in the Certificate issued.
A7: A. General Information
A8: Please provide the following information about your operation and relevant contact persons, to apply for an audit to achieve Rainforest Alliance certification. The information you fill in here should be the same as what you provided during registration in the Rainforest Alliance Certification Platform (RACP). You can copy this information from your account in the RACP.
A9: Legal Name of the Organization: | G9: National Organization ID:
A10: Trade/Commercial Name: | G10: Name in Certificate:
A11: Parent Organization (if applicable): | G11: Parent Org. National ID: (if applicable)
A13: Visiting Address: | F13: City: | H13: State/Province:
F14: Zip/Post Code: | H14: Country:
A16: Billing Address: | F16: City: | H16: State/Province:
F17: Zip/Post Code: | H17: Country:
A19: Owner or Legal Representative Signing Agreements | G19: Group Administrator
A20: First Name: | C20: Last Name: | G20: First Name: | I20: Last Name:
A21: National ID: | G21: National ID:
A22: Phone: | C22: Mobile: | G22: Phone: | I22: Mobile:
A23: Job Title: | C23: Email: | G23: Job Title: | I23: Email:
A25: Traceability Platform Responsible Person | G25: Billing Contact
A26: First Name: | C26: Last Name: | G26: First Name: | I26: Last Name:
A27: National ID: | G27: National ID:
A28: Phone: | C28: Mobile: | G28: Phone: | I28: Mobile:
A29: Job Title: | C29: Email: | G29: Job Title: | I29: Email:
A32: B. Certification Scope Information
A33: Below, please provide the information related to the scope of your certification, including the crops you wish to certify. This should be the same information that you provided during registration in the Rainforest Alliance Certification Platform (RACP). You can copy this information from your account in the RACP. Please bear in mind that the harvest time of the main crop will determine the window for the audit to be conducted. In this form, you have space for 4 crops. Please add the 4 main crops, those crops with the largest volumes. The main crop is defined as the crop with the largest volume within the certification cycle (3 years). The timing of your audit will be calculated based on the audit window for the main crop. Also, have in mind that the volumes and area should be provided for one year harvest season or production period (in case of continuous production). If you produce more than 4 crops, the remaining ones should be added to the Rainforest Alliance Certification Platform only. Please note that all dates here should be inserted in the format Day-Month-Year (dd/mm/yy).
A35: Application Date: | C35: Year in Cycle
A36: Unique ID: | C36: Audit Type: | H36: Main Crop | I36: 2nd Crop | J36: 3rd Crop | K36: 4th Crop
A37: Scope | B37: Farm | C37: Option | D37: ='Hidden Lists'!P3 -> Group of Farms | G37: Category
A38: =IFERROR(VLOOKUP(D37,'Hidden Lists'!P3:Q7,2,FALSE)," ") -> A group of organized farms (group members) that implements a common management system, organized as an association or cooperative or managed by a farm or other supply chain actor such as an exporter or another entity. | G38: Crop
G39: Variety, if Applicable
G40: Other (if not in list):
A41: Verification Level | G41: Volume (Kg/stems)
G42: Crop Production Area (ha)
G43: Main Harvest Start date
G44: Main Harvest End date
A45: Previous UTZ ID/RA Certificate Code (in case of transition audit only): Fill as many as needed, one per cell | G45: Minor Harvest Start date
G46: Minor Harvest End date
G47: Traceability Level
F48: 4
A49: Please list here any certifications under other schemes you have for the same crops and /or activities. Indicate one per cell
H50: Your audit should take place between:
I51: =IF(H43="","",H43-90) | J51: =IF(I51="","",H43+90)
A53: Please indicate here other crop names and their area that you have in your operation that will be left out of the certification scope
A58: D. Information on group composition totals
A59: Indicate below the information from your group regarding all the members that you wish to include in the certification scope, considering the peak of the main harvest or production period (in case of continuous production). Bear in mind that all members also need to be included in the RACP/Certification scope, through the GMR, to be shown in the Certificate.
A61: Total Area (ha) of the Group Member farms (Production + non production area) | H61: Male | I61: Female
F62: Total of group members (as GMR)
C64: Number | D64: Avg crop area (ha) | H64: Male | I64: Female | J64: <18 | K64: Total
A65: Small Farms | F65: Small Farms Permanent Workers | K65: =SUM(H65:J65) -> 0
A66: Large Farms | F66: Small Farms Temporary Workers | K66: =SUM(H66:J66) -> 0
A67: Processing Sites at group level | F67: Large Farms Permanent Workers | K67: =SUM(H67:J67) -> 0
F68: Large Farms Temporary Workers | K68: =SUM(H68:J68) -> 0
C69: Number
A70: Nº Subcontractors in Cert. Crops
A71: Nº Intermediaries in Cert. Crops | H71: Male | I71: Female | J71: <18 | K71: Total
A72: Nº Service Providers in Cert. Crops | F72: Administrative workers at IMS level | K72: =SUM(H72:J72) -> 0
A73: Nº Labor Providers in Cert. Crops | F73: Non-administrative workers at IMS level | K73: =SUM(H73:J73) -> 0
A74: Nº Purchase Centers | F74: Nº Migrants considering all workers | K74: =SUM(H74:J74) -> 0
F75: Nº of workers hired via labor providers | K75: =SUM(H75:J75) -> 0
A76: Date of Scope Confirmation in RACP
H77: Total
A78: Is the group divided into subgroups? | F78: Houses Provided to Workers in Harvest Peak
A79: If so, under what criteria? | F79: Number of Internal Inspectors
A81: List all languages spoken by workers/farmers and management
A82: Indicate how many shifts and their start and end time your organization operates at the peak of the harvest
A84: F. Details on Composition of Committees
A85: Please indicate below the names of the responsible persons or committee members for the Grievance mechanism, Gender and asses-and-address committees, and active labor unions. Please indicate their names and contact details (e-mail and/or telephone number) to so the auditor is able to contact them.
A87: Grievance Mechanism Committee/Person
A88: Gender Committee/Person
A89: Assess -and-Address Committee/Person
A90: Active labor union details
A92: G. Summary of Information
A93: This section is a summary of the key data provided above, and it is not meant to be filled out. Confirm below the key information on your certification application. In case it is not correct, please review input data.
A95: Management | B95: Internal Inspectors Ratio | D95: =IFERROR((C65+C66)/H79,0) -> 0 | G95: Documents to be submitted to the CB through application.
G96: Document | I96: Where | J96: Standard Requirement | K96: Check
A97: Social Aspects | B97: Total Permanent Workers | D97: =K65+K67 -> 0 | G97: a. Confirmed Scope information | I97: RACP and in CAF | J97: N/A
B98: Total Temporary Workers | D98: =K66+K68 -> 0 | G98: b. Self-assessment | I98: RACP and mail | J98: 1.4.2
B99: Total <18 Workers | D99: =SUM(J65:J68)+J72 -> 0 | G99: c. Group member registry (Annex S13) | I99: RACP and mail | J99: 1.2.4
B100: Total Group Management Staff | D100: =K72+K73 -> 0 | G100: d. Deforestation/ Protected Area Risk Analysis | I100: Mail | J100: 1.2.12 -1.2.15
B101: Avg Temp. Workers/Member | D101: =IFERROR((K66+K68)/(C65+C66),0) -> 0 | G101: e. Checklist of applicable requirements | I101: Mail | J101: N/A
G102: f. Latest audit report and transaction records | I102: If available, via mail | J102: N/A
A103: Land use | B103: Small Farms | D103: =C65 -> 0
B104: Large Farms | D104: =C66 -> 0 | G104: All other documents may be presented during the audit for verification.
B105: Total Area | D105: =(C65*D65)+(C66*D66) -> 0
B106: Processing Sites | D106: =C67 -> 0
A108: General Comments and Observations
A110: H. Confirmation
A111: The Certificate Holder declares hat the information is accurate and complete and that it knows about and will comply with the Standard. This document does not replace the Certification Agreement/contract between Certification Body and Certificate Holder, and the section below is intended to highlight the key clauses of the Rainforest Alliance program for Registration/Preparation stage. The document should be signed by the legal representative of the Certificate Holder. Digital signatures are accepted.
A112: H1. THE CERTIFICATE HOLDER confirms that the information provided in this application is accurate and complete, to the best of its knowledge. H2. THE CERTIFICATE HOLDER authorizes the data contained in this application to be communicated by the Rainforest Alliance, if the certification is granted. H3. THE CERTIFICATE HOLDER has read and understood the current version of the binding documents of the Rainforest Alliance certification program for the applicable scopes. H4. THE CERTIFICATE HOLDER has read and understood, and is committed to comply with, the certification requirements. H5. THE CERTIFICATE HOLDER commits to inform any changes to the information provided to THE CERTIFICATION BODY in order to correct already issued quotations or contracts. H6. THE CERTIFICATE HOLDER commits to pay any applicable fees regarding the Rainforest Alliance Certification established by the CERTIFICATION BODY and/or the RAINFOREST ALLIANCE. H7. THE CERTIFICATE HOLDER acknowledges, without limitation, the decision of THE CERTIFICATION BODY regarding processing of this application. H8. THE CERTIFICATE HOLDER declares not being party to legal lawsuits whose matter are topics covered by the Sustainable Agriculture Standard. If THE CERTIFICATE HOLDER has such lawsuits opened, THE CERTIFICATE HOLDER agrees to disclose the information on such lawsuits to THE CERTIFICATION BODY as part of this application, in line with this form.
D117: ______________________________________
D118: Certificate Holder
D119: signature
D120: =B35 -> 0
A122: I. For CB Use Only
A123: Indicate the status of the application (approved/rejected), the date of approval (if approved) and date of signature of the Contract Agreement. The document should be signed by the legal representative of the Certificate Holder. Digital signatures are accepted.
E124: Is the information provided sufficient to accept the application?
E125: Does the CB have the capacity to carry out the certification services?
D126: Status
D127: CB Application Approval Date:
...

Sheet 2.Audit Plan
E1: ='1. Application Form'!K1 -> Version 2.1 July 2023
A2: Audit Plan
A3: ='1. Application Form'!A3:K3 -> For Farm Certificate Holders & Applicants Group certification
A4: ='1. Application Form'!A4:K4 -> Sustainable Agriculture Standard 2020
A6: A. Identification of the CH and Contact Person
A7: Please see below quick-access information about the Certificate Holder to be audited.
A8: Name of the Certificate Holder (as in certificate): | C8: ='1. Application Form'!H10 -> 0
A9: Legal name of the Certificate Holder: | C9: ='1. Application Form'!C9 -> 0
A11: Address of the operation: | B11: ='1. Application Form'!C13 -> 0
A12: State/Province: | B12: ='1. Application Form'!I13 -> 0 | C12: City: | D12: ='1. Application Form'!G13 -> 0
A13: Country: | B13: ='1. Application Form'!I14 -> 0
A15: Contact Person Name: | B15: =_xlfn.CONCAT('1. Application Form'!H20," ",'1. Application Form'!J20:K20)
A16: Phone: | B16: ='1. Application Form'!H22 -> 0 | C16: Email: | D16: ='1. Application Form'!J23 -> 0
A18: Date this application was shared with the Lead Auditor
A20: B. Audit Scope Identification
A21: Indicate below the information requested on the scope of the audit. As per Certification Rules clauses 1.1.9 and 1.1.0, the scope of the applicable standard requirements from chapters 1, 4.5, 4.6, 5 and 6 shall cover all operations and areas of all entities (farms, sites, subcontractors etc.) included in the certification scope of the CH. The scope of the applicable standard requirements from chapters 2, 3 and 4 (except 4.5, 4.6) shall focus on the crop and activities related to the crop to be sold with a Rainforest Alliance Certified claim.
A23: Date of the audit plan | D23: Standard Version:
A24: Audit Scope: | B24: ='1. Application Form'!B37 -> Farm | D24: Applicable Requirements
A25: Audit Type: | D25: ='Hidden Lists'!C3 -> Core Requirements
D26: ='Hidden Lists'!C4 -> Mandatory Improvements
D27: ='Hidden Lists'!C5 -> Self-selected Improvements
A28: Crops: | B28: Area | D28: ='Hidden Lists'!C6 -> Mandatory Smart Meters
A29: ='1. Application Form'!H38 -> 0 | B29: ='1. Application Form'!H42 -> 0 | D29: ='Hidden Lists'!C7 -> Self-Selected Smart Meters
A30: ='1. Application Form'!I38 -> 0 | B30: ='1. Application Form'!I42 -> 0
A31: ='1. Application Form'!J38 -> 0 | B31: ='1. Application Form'!J42 -> 0 | D31: Audit method to be used
A32: ='1. Application Form'!K38 -> 0 | B32: ='1. Application Form'!K42 -> 0 | D32: Is this a combined audit?
D33: With which schemes?
A35: Audit Objectives
A37: C. Audit Team Identification
A38: Please indicate below the composition of the audit team. Use the Auditing Rules related to audit team composition to determine the audit team. Please make sure that all audit team staff is also registered correctly in the RACP, as applicable.
A39: Name: | D39: Role:
A40: Gender: | D40: =IFERROR(VLOOKUP(E39,'Hidden Lists'!$P$11:$Q$17,2,FALSE)," ")
A41: Contact Info:
A43: Name: | D43: Role:
A44: Gender: | D44: =IFERROR(VLOOKUP(E43,'Hidden Lists'!$P$11:$Q$17,2,FALSE)," ")
A45: Contact Info:
A47: Name: | D47: Role:
A48: Gender: | D48: =IFERROR(VLOOKUP(E47,'Hidden Lists'!$P$11:$Q$17,2,FALSE)," ")
A49: Contact Info:
A51: Name: | D51: Role:
A52: Gender: | D52: =IFERROR(VLOOKUP(E51,'Hidden Lists'!$P$11:$Q$17,2,FALSE)," ")
A53: Contact Info:
A55: Name: | D55: Role:
A56: Gender: | D56: =IFERROR(VLOOKUP(E55,'Hidden Lists'!$P$11:$Q$17,2,FALSE)," ")
A57: Contact Info:
A59: Name: | D59: Role:
A60: Gender: | D60: =IFERROR(VLOOKUP(E59,'Hidden Lists'!$P$11:$Q$17,2,FALSE)," ")
A61: Contact Info:
A63: D. Audit Planning
A64: Indicate below details of the audit carried out: activities such as open and closing meeting, site verification, facility tour, verification of processing sites, interviews, documentation check and of which section of the Standard, on site visiting of workers' facilities, infrastructure evaluation, stakeholder meetings, visit to subcontractors, traceability check, the responsible persons and resources needed to carry this out. Please know that all dates here should be inserted in the format Day-Month-Year (dd/mm/yy).
A66: CB Agreement Signature: | B66: ='1. Application Form'!F128 -> 0 | C66: As per clause 1.1.18 of Certification Rules, CH compliance should be checked as of this date
A68: 1st proposed Audit Start Date
A69: 1st proposed Audit End Date | D69: Projected Duration (in days): | E69: =IFERROR(CEILING('2b.Duration'!G8/'2.Audit Plan'!B73,0.5),1) -> 1
A71: Start Date of the Audit: | D71: =IF(B72=0,"",IF(Factors!R15<Factors!R16,'Hidden Lists'!S3,""))
A72: Last Date of the Audit:
A73: Nº of Auditors | B73: =(COUNTIFS(E39:E61,'Hidden Lists'!P11))+(COUNTIFS(E39:E61,'Hidden Lists'!P12))+(COUNTIFS(E39:E61,'Hidden Lists'!P13)) -> 0
A74: Working Language CH Management
A75: Working Language Workers
A77: Sampling Description
A78: Min Nº of Large Farms to visit | B78: =Factors!C5 -> 0 | C78: This is the number of farms/sites to be included in the audit. The lead auditor should decide which farm/sites to be visited, based on the Auditing Rules | F78: =(B78*'1. Application Form'!D66)+(B79*'1. Application Form'!D65) -> 0
A79: Min Nº of Small Farms to visit | B79: =Factors!C4 -> 0
A80: Min Nº of Processing Sites | B80: =Factors!C6 -> 0 | C80: These are the number of external actors to be included in the audit. The lead auditor should decide which actors to be visited, based on the Auditing Rules.
A81: Min Nº of Subcontractors | B81: =Factors!C7 -> 0
A82: Min Nº of Intermediaries | B82: =Factors!C8 -> 0
A83: Min Nº of Service Providers | B83: =Factors!C9 -> 0
A84: Min Nº of Labor Providers | B84: =Factors!C10 -> 0
A85: Min Nº of Purchase Centers | B85: =Factors!C11 -> 0
A87: Min Nº of Workers for Interview | B87: =IFERROR(VLOOKUP(C87,Factors!M2:R11,2,TRUE),0) -> 0 | C87: ='1. Application Form'!D97+'1. Application Form'!D98+'1. Application Form'!K73 -> 0
A89: Group Member Permanent | B89: =IFERROR(CONCATENATE(Factors!R47," ",'Hidden Lists'!$S$6," ",Factors!S47," ",'Hidden Lists'!$G$20," ",'Hidden Lists'!$S$7," ",Factors!T47," ",'Hidden Lists'!$G$21)," ")
A90: Group Member Temporary | B90: =IFERROR(CONCATENATE(Factors!R48," ",'Hidden Lists'!$S$6," ",Factors!S48," ",'Hidden Lists'!$G$20," ",'Hidden Lists'!$S$7," ",Factors!T48," ",'Hidden Lists'!$G$21)," ")
A91: Non-administrative Workers at IMS level | B91: =IFERROR(CONCATENATE(Factors!R49," ",'Hidden Lists'!$S$6," ",Factors!S49," ",'Hidden Lists'!G20," ",'Hidden Lists'!$S$7," ",Factors!T49," ",'Hidden Lists'!$G$21)," ")
A92: Min Nº of Administrative Workers at IMS level for interview | B92: =ROUNDUP(SQRT('1. Application Form'!K72),0) -> 0
A93: Habitable areas to visit | B93: =Factors!C12 -> 0
A94: # of workers whose files need to be checked | B94: =IFERROR(VLOOKUP(C87,Factors!M2:R11,6,TRUE),0) -> 0
A95: Migrant (Auditor Discretion) | C95: ='Hidden Lists'!Q18 -> Unionized and Migrant workers are not exclusive categories, meaning that temporary and permanent workers can be migrant and unionized as well. The indication of these field is limited to the fact that the lead auditor needs to make sure that part of the sampled workers in the temporary/permanent categories also cover the number of unionized/migrant workers indicated here.
A96: Unionized (Auditor Discretion)
A97: The minimum number of interviews and farm unities to be visited are based on the provided information. The lead auditor may decide to extend them to gather more evidence or assess risks.
A99: Audit Agenda
A100: Date | B100: Time (Start time - End Time) | C100: Responsible (in charge of execution) | D100: Activity (Describe the details of the auditing activities to be done separated by Chapter, type of verification and responsible) | E100: Remarks
A140: Document List to Be Made Available by the CH to the Audit team:
A141: E.g. Management system, workers records, geodata, production records, factory records, traceability, purchase/sales procedures and purchase/sales records , IMS, approvals and sanctions. The audit team should specify the documents as much as possible below, bearing in mind that the audit is not limited to the below listed documents.
A144: List of People/Professionals to Be Present during the Audit
A145: E.g. management representative, HR/payroll staff, management of processing facilities, Occupational Health and Safety Committee representative, if applicable, workers representatives including representative(s) of trade union(s), if applicable, assess-and-address committee representative, gender committee representative, grievance committee representative, representatives of any other committees.
A148: General observations and comments.
A151: E. Logistics
A152: Please indicate below which of the below the CH will pay for.
A153: Meals
A154: Accommodation
A155: Ground Transportation
A156: Flight Tickets
A158: F. Confirmation
... A160: F1. THE CERTIFICATE HOLDER acknowledges that the CERTIFICATION BODY may subcontract auditors to carry out the service requested. F2. THE CERTIFICATE HOLDER will provide all necessary information to auditors to evaluate the farm and all facilities and activities within the certificate scope. F3. THE CERTIFICATE HOLDER will keep a record of all claims presented to my organization in relation to product compliance with the relevant standards and will make these records available to the CERTIFICATION BODY. THE CERTIFICATE HOLDER shall take adequate actions in regard to such claims as well as to any deficiency of products or services which may affect compliance with certification requirements. THE CERTIFICATE HOLDER shall document actions taken. F4. THE CERTIFICATE HOLDER will make certification claims only in relation to the certification scope. F5. THE CERTIFICATE HOLDER shall not employ the certified product in a way that may affect the image of the CERTIFICATION BODY and will not include any declaration of certified product which may be considered as erroneous or unauthorized by the CERTIFICATION BODY. F6. Upon suspension or cancellation of certification, THE CERTIFICATE HOLDER will discontinue use of all public affairs that contain any reference to certification, and return all certification documents that the CERTIFICATION BODY may request. F7. THE CERTIFICATE HOLDER will use certification only to indicate that certified products are in conformity with specific standards. F8. THE CERTIFICATE HOLDER will make an effort to guarantee that neither the certificate nor the report, nor any parts of these, are employed in a misleading manner. F9. THE CERTIFICATE HOLDER will comply with the CERTIFICATION BODY’S requirements when mentioning product certification in media such as documents, brochures or publicity. F10. The CERTIFICATION BODY attests that all its auditors, reviewers, support staff, managers and other related personnel are free of conflict of interest of any financial, commercial, relation or procedural nature and are committed to non-bribery policies established by the CB and the Rainforest Alliance.
B164: ______________________________________ | D164: ______________________________________
B165: Certification Body | D165: Certificate Holder
B166: Name of the Representative | D166: ='1. Application Form'!C9 -> 0

Sheet 2a.Risk Assessment
E1: ='1. Application Form'!K1 -> Version 2.1 July 2023
A2: Audit Risk Assessment
A3: ='1. Application Form'!A3:K3 -> For Farm Certificate Holders & Applicants Group certification
A4: ='1. Application Form'!A4:K4 -> Sustainable Agriculture Standard 2020
A6: A. Identification of the Assessment
A7: Please indicate the date and the person who has conducted (responsible) the risk assessment within your audit team.
A8: Certificate Holder: | B8: ='2.Audit Plan'!C8 -> 0
A9: Date:
A10: Responsible
A12: B. Audit Risk Assessment
A13: Please fill in the cells in white below. Based on the answers and the data provided by the applicant in tab "1.Application Form", a risk category will be generated for the applicant. This risk assessment is based on rule 2.3.19 and the Annex AR4 of the Certification and Auditing rules - using this risk assessment is therefore mandatory for every audit.
A14: Risk factor | D14: Data | E14: Comment | F14: Score (Hidden)
A15: 1. Child Labor | B15: Result of Rainforest Alliance Country Risk Map for Child Labor | E15: Map available here | F15: =_xlfn.IFS(D15='Hidden Lists'!K11,4,D15='Hidden Lists'!K12,2,D15='Hidden Lists'!K13,0,D15=0,0) -> 0
B16: Total number of workers below 18 years | D16: =IF(AND(ISBLANK('1. Application Form'!J65:J68)=TRUE,ISBLANK('1. Application Form'!J72)=TRUE),"",'1. Application Form'!D99) -> 0 | F16: =IF(D16<1,0,IF(D16<=2,1,2)) -> 0
B17: Risk Category Child Labor | D17: =VLOOKUP(F17,'Risk factors'!B104:D109,3,TRUE) -> 2. Low risk | F17: =SUM(F15+F16) -> 0
A18: 2. Forced Labor | B18: Result of Rainforest Alliance Country Risk Map for Forced Labor | E18: Map available here | F18: =_xlfn.IFS(D18='Hidden Lists'!K11,8,D18='Hidden Lists'!K12,4,D18='Hidden Lists'!K13,1,D18=0,0) -> 0
B19: Total number of workers hired through labor providers used | D19: =IF(ISBLANK('1. Application Form'!K75)=TRUE,"",'1. Application Form'!K75) -> 0 | F19: =IF(D19<1,0,IF(D19<=10,1,2)) -> 0
B20: Total number of migrant workers | D20: ='1. Application Form'!K74 -> 0 | F20: =IF(D20<1,0,IF(D20<=10,1,2)) -> 0
B21: Risk Category Forced Labor | D21: =VLOOKUP(F21,'Risk factors'!B124:D129,3,TRUE) -> 2. Low risk | F21: =SUM(F18+F19+F20) -> 0
A22: 3. Workplace violence and harassment | B22: Proportion from male to female permanent workers. How many male workers are there for each female worker. | D22: =IFERROR(SUM('1. Application Form'!I65+'1. Application Form'!I67)/SUM('1. Application Form'!H65+'1. Application Form'!H67),0) -> 0 | F22: =IF(D22>1,1,IF(AND(D22>0.5,D22<1),0.5,IF(D22<0.5,0))) -> 0
B23: Proportion from male to female temporary workers. How many male workers are there for each female worker. | D23: =IFERROR(SUM('1. Application Form'!I66+'1. Application Form'!I68)/SUM('1. Application Form'!H66+'1. Application Form'!H68),0) -> 0 | F23: =IF(D23>1,2,IF(AND(D23>0.5,D23<1),1,IF(D23<0.5,0))) -> 0
B24: Number of female workers hired through labor providers in comparison to the total nr of women workers | D24: =IFERROR('1. Application Form'!I75/SUM('1. Application Form'!I65+'1. Application Form'!I66+'1. Application Form'!I67+'1. Application Form'!I68+'1. Application Form'!I72+'1. Application Form'!I73+'1. Application Form'!I74+'1. Application Form'!I75),0) -> 0 | F24: =IF(D24<0.1,0,IF(AND(D24>0.1,D24<0.5),1.5,IF(D24>0.5,3))) -> 0
B25: Number of women migrant workers in comparison to the total number of women workers | D25: =IFERROR('1. Application Form'!I74/SUM('1. Application Form'!I65+'1. Application Form'!I66+'1. Application Form'!I67+'1. Application Form'!I68+'1. Application Form'!I72+'1. Application Form'!I73+'1. Application Form'!I74+'1. Application Form'!I75),0) -> 0 | F25: =IF(D25<0.2,0,IF(AND(D25>0.2,D25<0.5),1.5,IF(D25>0.5,3))) -> 0
B26: Risk Category WVH | D26: =VLOOKUP(F26,'Risk factors'!B87:D92,3,TRUE) -> 2. Low risk | F26: =SUM(F22+F23+F24+F25) -> 0
A27: 4. Freedom of Association | B27: Grievance on FoA | F27: =IF(D27='Hidden Lists'!F3,1,0) -> 0
B28: NC in last year audit on FoA | F28: {=IF(D28="",0,_xlfn.IFS(D28<1,0,D28<=2,1,D28>2,2))} -> 0
B29: Pending or closed lawsuit on labor rights | F29: =IF(D29='Hidden Lists'!F3,1,0) -> 0
B30: Based on the sector and country, is this CH identified as high risk? | E30: The resulting risk level is based on the risk assessment by the CB and future communications by the Rainforest Alliance. | F30: =IF(D30='Hidden Lists'!F3,4,0) -> 0
B31: Risk Category FoA | D31: =VLOOKUP(F31,'Risk factors'!B145:D150,3,TRUE) -> 2. Low risk | F31: =SUM(F27+F28+F29+F30) -> 0
A32: 5. Deforestation & encroachment | B32: Deforestation Risk Assessment (Based on risk maps provided by Rainforest Alliance) | F32: =_xlfn.IFS(D32='Hidden Lists'!$M$9,3,D32='Hidden Lists'!$M$8,2,D32='Hidden Lists'!$M$7,1,D32=0,0) -> 0
B33: Encroachment Risk Assessment (Based on risk maps provided by Rainforest Alliance) | F33: =_xlfn.IFS(D33='Hidden Lists'!$M$9,3,D33='Hidden Lists'!$M$8,2,D33='Hidden Lists'!$M$7,1,D33=0,0) -> 0
A35: C. Lawsuit Investigation
A36: Clause 2.3.19.u of Annex AR4 of the Auditing Rules establishes that CBs should conduct a preliminary investigation on lawsuits that are opened against the Certificate Holder and/or its legal responsible on topics related to the social chapter of the Sustainable Agriculture Standard. It is recommended that for countries where deforestation is considered a high risk, the CB should extend this investigation to environmental topics as much as possible. The CB can carry out this investigation in public court systems and/or by obtaining self-declarations from the Certificate Holder. Both types should be listed below. The CB acknowledges that the investigation was properly conducted and keeps evidence of such consultations in its QMS.
A37: Location (Forum) | B37: Nº of Lawsuit/ Resolution | C37: Status | D37: Topic of the Lawsuit | E37: Severity | F37: Date of opening

Sheet 2b.Duration
G1: ='1. Application Form'!K1 -> Version 2.1 July 2023
A2: Audit Duration Calculation
A3: ='1. Application Form'!A3:K3 -> For Farm Certificate Holders & Applicants Group certification
A4: ='1. Application Form'!A4:K4 -> Sustainable Agriculture Standard 2020
A5: The calculation represented below is in line with the Auditing and Certification Rules of Rainforest Alliance, and therefore mandatory. Such calculation is delivered in auditor days considering a working day as an eight-hour work day. Also, to keep the audit and the auditor job at the highest levels, auditors are only allowed to work eight hours per audit day including traveling time, as per clauses 2.1.4 and 2.1.5 of the Auditing Rules. Aud/d is referring to days of an auditor, which is commonly how audit interventions are dimensioned. The CB should only select the Factor 9, and indicate the traveling time and extra time (if any). All other values are calculated automatically. Please only fill in this sheet after assigning the audit team and finalizing the risk analysis, otherwise the figures will not work properly.
C7: Value (aud/d) | G7: =(((C12+(C13*C11))*C9*C10*C20)+(C8*C14)+C15+(C9*C10*C16*C11)+C17+C18+C19+C22+C24)*C23 -> 0.95
A8: Factor 1 | B8: Risk Factor Child Labor | C8: =IFERROR(VLOOKUP('2a.Risk Assessment'!D17,Factors!AN15:AO19,2,FALSE),0) -> 0.95 | F8: Minimum Audit Duration (aud/d) | G8: =CEILING(G7,0.1) -> 1 | I8: 11
B9: Risk Factor Forced Labor | C9: =IFERROR(VLOOKUP('2a.Risk Assessment'!D21,Factors!AN16:AO20,2,FALSE),0) -> 0.95 | F9: Duration for CB Quote (Days) | G9: =G8+C21 -> 1
B10: Risk Factor WVH | C10: =IFERROR(VLOOKUP('2a.Risk Assessment'!D26,Factors!AN15:AO19,2,FALSE),0) -> 0.95 | D10: WVH= Workplace violence and harassment
B11: Risk Factor FoA | C11: =IFERROR(VLOOKUP('2a.Risk Assessment'!D31,Factors!AN15:AO19,2,FALSE),0) -> 0.95 | D11: FoA= Freedom of Association
A12: Factor 2 | B12: Farm Area - Small Farms | C12: =IF('1. Application Form'!C65=0,0,LARGE(Factors!V4:W4,1)) -> 0 | D12: Calculated based on Rainforest Alliance methodology, also observing the ratio farms to be audited per day, as per clause 2.4.13.k of Certification and Auditing Rules.
B13: Farm Area - Large Farms | C13: =IF('1. Application Form'!C66=0,0,LARGE(Factors!V5:W5,1)) -> 0 | F13: In case the duration was adjusted, please justify:
A14: Factor 3 | B14: Management System | C14: 1 | D14: As per clause 2.5.7
A15: Factor 4 | B15: Processing Sites | C15: ='2.Audit Plan'!B80*0.25 -> 0 | D15: Each facility is factored as 0.25 aud/d (2h).
A16: Factor 5 | B16: Interview Duration | C16: =('2.Audit Plan'!B87+'2.Audit Plan'!B92)*0.03 -> 0 | D16: In aud/d based on individual interviews as 0.03 aud/d (15 min).
A17: Factor 6 | B17: Worker Houses | C17: ='2.Audit Plan'!B93*0.03 -> 0 | D17: Each habitable area is factored as 0.03 aud/d (15 min).
A18: Factor 7 | B18: External Actors | C18: =SUM('2.Audit Plan'!B81:B84)*0.25 -> 0 | D18: Each External Actor is factored as 0.25 aud/d (2h). External actor refers to subscontractor, service provider, intermediary, labor provider
A19: Factor 8 | B19: Purchase Centers | C19: ='2.Audit Plan'!B85*0.18 -> 0 | D19: Each Purchase Center is factored as 0.18 aud/d (1.5h).
A20: Factor 9 | B20: Group Proximity Factor
A21: Factor 10 | B21: Traveling Time | D21: The CB should indicate estimated traveling time from the base of the auditors to the auditing sites. Please consider the overall travel time for all the auditors and not an average time per auditor.
A22: Factor 11 | B22: Duration Correction | D22: The CB can assign extra audit time based on the audit risk analysis and other factors they may find applicable, based on Annex AR4 of the Auditing Rules, for example, for off-site investigations. Also, the CB may deduct time from the duration including negative values as to adjust the audit duration to reality. Duration increases and reductions shall be justified accordingly.
A23: Factor 12 | B23: Combined/Integrated audit? | C23: 1 | D23: Please choose as per Annex AR10: No combined audit - 1,00 Combined audit with 2 schemes - 1,50 Combined audits with 3+ schemes - 1,75 If the cell is shown in red, please review the information.
A24: Factor 13 | B24: Stakeholder consultation | D24: As per Annex AR4.2, clause 20, the stakeholder consultation should have a minimum duration of 2,5 hours. Please note this activity is only applicable in certain circumstances

Sheet 3.Audit Summary
E1: ='1. Application Form'!K1 -> Version 2.1 July 2023
A2: Audit Summary
A3: ='1. Application Form'!A3:K3 -> For Farm Certificate Holders & Applicants Group certification
A4: ='1. Application Form'!A4:K4 -> Sustainable Agriculture Standard 2020
A6: A. Audit Information Confirmation
A7: Please indicate below the following information as related to the finalized audit and further procedures. Aud/d is referring to days of an auditor, which is commonly how audit interventions are dimensioned.
A9: Standard Version
A10: Executed Audit Start Date | D10: Was the audit terminated prematurely?
A11: Executed Audit End Date | D11: Termination Date
A12: Executed Audit Duration (in aud/d) | D12: Justification for certification decision or audit termination
A14: Was it an audit combined with other schemes?
A15: What method was used in this audit?
A17: Was there a follow up audit due to NCs?
A18: What type of follow up audit, if any?
A19: How many NCs found?
A20: Executed Follow up Audit Duration (in aud/d)
A21: Follow Up Audit Start Date
A22: Follow Up Audit End Date
A23: Final Audit Report is finalized
A24: License Request
A26: Name of assigned Quality Reviewer
A27: Quality Review Completion Date
... A30: Certification Decision date
B32: Executed Sample | C32: Planned Sample | D32: If executed sample is less than planned, provide explanation
A33: Workers Interviewed | C33: ='2.Audit Plan'!B87 -> 0
A34: Large Farms | B34: =COUNTIF(($C$45:C917),'Hidden Lists'!I13) -> 0 | C34: ='2.Audit Plan'!B78 -> 0
A35: Small Farms | B35: =COUNTIF(($C$45:C918),'Hidden Lists'!I14) -> 0 | C35: ='2.Audit Plan'!B79 -> 0
A36: Processing Site | B36: =COUNTIF(($C$45:C919),'Hidden Lists'!I15) -> 0 | C36: ='2.Audit Plan'!B80 -> 0
A37: Subcontractor | B37: =COUNTIF(($C$45:C920),'Hidden Lists'!I16) -> 0 | C37: ='2.Audit Plan'!B81 -> 0
A38: Service provider | B38: =COUNTIF(($C$45:C921),'Hidden Lists'!I17) -> 0 | C38: ='2.Audit Plan'!B83 -> 0
A39: Labor provider | B39: =COUNTIF(($C$45:C922),'Hidden Lists'!I18) -> 0 | C39: ='2.Audit Plan'!B84 -> 0
A40: Other | B40: =COUNTIF(($C$45:C923),'Hidden Lists'!I19) -> 0 | C40: 0
A42: A. Sample Disclosure
A43: Please indicate below which were the farms, sites, and service providers that were part of the audit sample for this audit. Do not forget that sample increases need to be justified.
A44: Name | B44: Internal ID Number | C44: Type | D44: Sampling Type | E44: If increase, indicate justification | F44: Parameters used to select the sample (reason, criteria)

Sheet 4.Monitoring
G1: ='1. Application Form'!K1 -> Version 2.1 July 2023
A2: Process Monitoring
A3: ='1. Application Form'!A3:K3 -> For Farm Certificate Holders & Applicants Group certification
A4: ='1. Application Form'!A4:K4 -> Sustainable Agriculture Standard 2020
A6: A. Audited Sample | E6: B. Timelines
A7: Please see below an overview of the executed audit sample versus the planned one. In case the executed sample is smaller than planned it will be colored in red and the CB should provide justification. | E7: Below you can see the deadline of all time-bound activities in the certification process triggered before the first audit data and after the last audit date. The Quality Review can use this to ensure timelines were complied with.
B8: Executed | C8: Planned | F8: Executed | G8: Deadline | I8: Days
A9: ='3.Audit Summary'!A33 -> Workers Interviewed | B9: ='3.Audit Summary'!B33 -> 0 | C9: ='3.Audit Summary'!C33 -> 0 | E9: Application Approval | F9: ='1. Application Form'!F127 -> 0 | G9: 0 | I9: 0
A10: ='Hidden Lists'!I13 -> Large Farm | B10: =COUNTIF(SampleDiscl[#All],'Hidden Lists'!I13) -> 0 | C10: ='2.Audit Plan'!B78 -> 0 | E10: CB Contract Agreement | F10: ='1. Application Form'!F128 -> 0 | G10: =G13-I10 -> #VALUE! | I10: =6*7 -> 42
A11: ='Hidden Lists'!I14 -> Small Farm | B11: =COUNTIF(SampleDiscl[#All],'Hidden Lists'!I14) -> 0 | C11: ='2.Audit Plan'!B79 -> 0 | E11: App. Shared with Audit Team | F11: ='2.Audit Plan'!B18 -> 0 | G11: =G13-I11 -> #VALUE! | I11: =2*7 -> 14
A12: ='Hidden Lists'!I15 -> Site | B12: =COUNTIF(SampleDiscl[#All],'Hidden Lists'!I15) -> 0 | C12: ='2.Audit Plan'!B80 -> 0 | E12: Audit Plan sent to CH | F12: ='2.Audit Plan'!B23 -> 0 | G12: =G13-I12 -> #VALUE! | I12: =2*7 -> 14
A13: ='Hidden Lists'!I16 -> Subcontractor | B13: =COUNTIF(SampleDiscl[#All],'Hidden Lists'!I16) -> 0 | C13: ='2.Audit Plan'!B81 -> 0 | E13: First Audit Date | F13: ='3.Audit Summary'!B10 -> 0 | G13: ='1. Application Form'!J51-'2b.Duration'!G9 -> #VALUE! | I13: 0
A14: ='Hidden Lists'!I17 -> Service Provider | B14: =COUNTIF(SampleDiscl[#All],'Hidden Lists'!I17) -> 0 | C14: ='2.Audit Plan'!B83 -> 0 | E14: Last Audit Date | F14: ='3.Audit Summary'!B11 -> 0 | G14: ='1. Application Form'!J51 | I14: 0
A15: ='Hidden Lists'!I18 -> Labor Provider | B15: =COUNTIF(SampleDiscl[#All],'Hidden Lists'!I18) -> 0 | C15: ='2.Audit Plan'!B84 -> 0 | E15: NC Resolution Window | F15: ='3.Audit Summary'!B22 -> 0 | G15: =F14+I15 -> 0 | I15: =IF(B17=0,0,10*7) -> 0
E16: Final Audit Report is finalized | F16: ='3.Audit Summary'!B23 -> 0 | G16: =G17 -> 28 | I16: 0
A17: NCs Found in Audit | B17: ='3.Audit Summary'!B19 -> 0 | E17: Certification Decision | F17: ='3.Audit Summary'!B30 -> 0 | G17: =I17+G15 -> 28 | I17: =IF(B17=0,4*7,2*7) -> 28
E18: License Request | F18: ='3.Audit Summary'!B24 -> 0 | G18: =I18+G17 -> 35 | I18: =7*1 -> 7

Sheet Hidden Lists
A1: Note for translator: This tab should be translated, otherwise the dropdown menus will not work
A2: Country List | C2: Types of Requirements | F2: Y/N List | I2: Lawsuit | K2: Auditor list | M2: Interview Type | P2: Cert. Options | Q2: Description | S2: Messages | U2: GPF
A3: Afghanistan | C3: Core Requirements | F3: Yes | I3: C | K3: ='2.Audit Plan'!B39 -> 0 | M3: Individual | P3: Group of Farms | Q3: A group of organized farms (group members) that implements a common management system, organized as an association or cooperative or managed by a farm or other supply chain actor such as an exporter or another entity. | R3: x | S3: Please review the start and end dates of the audit. Based on the inserted dates and number of the auditors, the interval may not be enough. | T3: x | U3: Group farms are in very close proximity and it is easy to visit more than 6 farms per auditor within 8 hours, including time for traveling between 6 farms in any 2 selected sub-groups/villages
A4: Albania | C4: Mandatory Improvements | F4: No | I4: NC | K4: ='2.Audit Plan'!B43 -> 0 | M4: Group | P4: Single Farm | Q4: A single farm that owns or manages one farm with an independent organizational structure, whereby central management and all activities take place at a single physical location. | R4: x | U4: Group farms are in reachable distances and it is reasonable to visit up to 5 farms within 8 hours, including time for traveling between 5 farms in any 2 selected sub-groups/villages
A5: Algeria | C5: Self-selected Improvements | I5: NA | K5: ='2.Audit Plan'!B47 -> 0 | P5: Multi Farm | Q5: Two or more farms owned or rented by one entity whose operations and farming practices are managed centrally, regardless of certification. | R5: x | S5: Worker Concat | U5: Group farms are distant from each other and it is reasonable to visit up to 4 farms within 8 hours, including time for traveling between 4 farms in any 2 selected sub-groups/villages
A6: Andorra | C6: Mandatory Smart Meters | F6: Scopes | K6: ='2.Audit Plan'!B51 -> 0 | M6: Deforestation/ Encroachment risk parameters | P6: Single Site | Q6: An individual organization that does not have farming in the scope of its Rainforest Alliance certification, whereby central management and all activities take place at a single physical location | R6: x | S6: being | U6: Group farms are quite distant from each other and it is reasonable to visit up to 3 farms within 8 hours, including time for traveling between 3 farms in any 2 selected sub-groups/villages
A7: Angola | C7: Self-Selected Smart Meters | F7: Farm | I7: Checklist | K7: ='2.Audit Plan'!B55 -> 0 | M7: All green - Low | P7: Multi Site | Q7: An organization that does not have farming in the scope of its Rainforest Alliance certification and has an identified central location under which two or more sites are operating. | R7: x | S7: and
A8: Antigua and Barbuda | F8: SupplyChain | I8: Comply | K8: ='2.Audit Plan'!B59 -> 0 | M8: Any Orange but no Red - Medium | N8: x | S8: worker(s) | U8: Risk category
A9: Argentina | C9: Types of Audits | I9: Non-conformity | M9: Any Red - High | S9: workers | U9: 1. Very low risk
A10: Armenia | C10: Transition | F10: Sent List | I10: Not Applicable | K10: Risk Levels | P10: Types of Auditors | Q10: Description | R10: x | S10: in | U10: 2. Low risk
A11: Australia | C11: Certification | F11: Sent | K11: High | L11: 1.05 | P11: Lead Auditor | Q11: Responsible for leading and organizing the audit team; ensures the complete and proper execution of the audit; adjusts the audit plan upon communication to the client; prepares the audit report. | R11: x | U11: 3. Medium risk
A12: Austria | C12: Surveillance | F12: Not sent | I12: Sample Types | K12: Medium | L12: 1.02 | P12: Lead Auditor for Social Topics | Q12: Responsible for leading and organizing the social requirements investigation during audits and to apply the extra audit requirements for medium/high risk contexts as per RA social Risk Maps. | R12: x | U12: 4. High risk
A13: Azerbaijan | C13: Follow up | I13: Large Farm | K13: Low | L13: 1 | P13: Support Auditor | Q13: Supports the lead auditor with specific tasks to ensure the complete and proper execution of the audit. Prepares specific input for the audit report. | R13: x | U13: 5. Highest risk
A14: The Bahamas | C14: Surprise | F14: Lawsuit | I14: Small Farm | K14: Not Applicable | P14: Trainee Auditor | Q14: Performs tasks on verification under the supervision of an auditor or the lead auditor at all times. | R14: x
A15: Bahrain | C15: Investigation | F15: Open | I15: Site | P15: Technical Expert | Q15: Supports in employing specific audit methods for gathering evidence in a given topic identified as high/medium risk for the audit context. | R15: x | U15: Risk Message
A16: Bangladesh | C16: Extension | F16: Closed | I16: Subcontractor | P16: Interpreter | Q16: Supports the audit team by literally translating statements of interviews and shall not influence on (non)conformity assessment. | R16: x | U16: At this risk level, the Annex AR4.1 of the Certification and Audit Rules becomes applicable. Please make sure to include the additional requirements in your Audit Plan
A17: Barbados | C17: Shadow | F17: Secrecy | I17: Service Provider | K17: Standard | P17: Observer | Q17: Observes the audit process with no influence for learning or institutional reasons but also for monitoring and assessment of auditors. | R17: x
A18: Belarus | C18: Review | I18: Labor Provider | K18: v.1.1 | P18: Guidance on Worker Types | Q18: Unionized and Migrant workers are not exclusive categories, meaning that temporary and permanent workers can be migrant and unionized as well. The indication of these field is limited to the fact that the lead auditor needs to make sure that part of the sampled workers in the temporary/permanent categories also cover the number of unionized/migrant workers indicated here. | R18: x
A19: Belgium | F19: Gender | G19: Gender | I19: Other | K19: v.1.2
A20: Belize | C20: Version Concat | F20: (M) | G20: Male | K20: v.1.3
A21: Benin | C21: Version | F21: (F) | G21: Female | I21: Sample Size
A22: Bhutan | C22: 2.1 July 2023 | I22: Originally Planned | K22: Audit Cicles
A23: Bolivia | F23: Site Types | I23: Increased | K23: 1st Transition
A24: Bosnia and Herzegovina | F24: Farm | K24: 2nd Transition
A25: Botswana | C25: Validation Combined Audit | F25: Site | I25: Traceability Level | K25: 1
A26: Brazil | C26: =IF('2.Audit Plan'!E32='Hidden Lists'!F3,1,0) -> 0 | I26: Identity Preserved | K26: 2
A27: Brunei | C27: ='2b.Duration'!C23 -> 1 | F27: Status | I27: MixedIP | K27: 3
A28: Bulgaria | C28: Wrong | F28: Approved | I28: Segregation | K28: 4
A29: Burkina Faso | C29: Correct | F29: Rejected | I29: Mass Balance | K29: 5
A30: Burundi | C30: =IF(AND(C26=1,C27<1.1),C28,C29) -> Correct | K30: 6
A31: Cambodia | F31: Cert. Decision | I31: External Actors | K31: 7
A32: Cameroon | C32: Follow up audit validation | F32: Certification | I32: Subcontractor | K32: 8
A33: Canada | C33: On site | F33: Non-certification | I33: Intermediary | K33: 9
A34: Cape Verde | C34: Partially remote | F34: Suspension | I34: Service Provider | K34: 10
A35: Central African Republic | C35: Remote | F35: Cancelation | I35: Labor Provider | K35: 11
A36: Chad | C36: =IF('3.Audit Summary'!B17='Hidden Lists'!F3,1,0) -> 0 | K36: 12
A37: Chile | C37: =COUNTA('3.Audit Summary'!B21:B22) -> 0
A38: China | C38: =IF(AND(C36=1,C37<2),C28,C29) -> Correct | F38: CH Risk analysis
A39: Colombia | F39: New Applicant | G39: x
A40: Comoros | C40: Termination Validation | F40: Existent Applicant | G40: x
A41: Congo, Republic of the | C41: =IF('3.Audit Summary'!E10='Hidden Lists'!F3,1,0) -> 0 | F41: Yes - Applicant non-certified or suspended in the last 2 years | G41: x
A42: Congo, Democratic Republic of the | C42: =COUNTA('3.Audit Summary'!E11) -> 0 | F42: No | G42: x
A43: Costa Rica | C43: =IF(AND(C41=1,C42<1),C28,C29) -> Correct | F43: Missing data. See comment column D | G43: x
A44: Cote d'Ivoire
A45: Croatia
A46: Cuba
A47: Cyprus
A48: Czech Republic
A49: Denmark
A50: Djibouti
A51: Dominica
A52: Dominican Republic
A53: East Timor (Timor-Leste)
A54: Ecuador
A55: Egypt
... A198: Zimbabwe

Sheet Factors
A1: Note for translator: No need to translate this tab | Z1: Area | AD1: Interviews | AH1: Samples
B2: Sample factors | L2: Number of workers involved in the CH | M2: Lower border of category (min workers) | N2: Minimum number of interviews | O2: Minimum number of individual interviews | P2: Maximum number of group interviews - Description | Q2: Maximum number of group interviews (Group/Components) | R2: Minimum number of worker files to be checked | U2: Duration - Factor 2 Correction | Z2: Category | AA2: Lower limit | AB2: factor | AD2: Individual Interview | AE2: 0.25 | AF2: h | AH2: DLS | AI2: 0.4 | AO2: GPF
B3: Item | C3: Sample for Audit Calculation | D3: Formula for Audit Sample | E3: Totals from Application Form | F3: Min. Sample | G3: Sample for Groups | H3: Note | I3: Clause | L3: 1 to 5 | M3: 1 | N3: =SUM('1. Application Form'!D97:D98) -> 0 | O3: =N3 -> 0 | P3: 0 | Q3: 0 | R3: =N3 -> 0 | U3: Farm Size | V3: RA Method | W3: Days Threshold | Z3: 0 to 50 | AA3: 0 | AB3: 0.5 | AD3: Group Interview | AE3: 0.5 | AF3: h | AO3: 1 | AP3: ='Hidden Lists'!U3 -> Group farms are in very close proximity and it is easy to visit more than 6 farms per auditor within 8 hours, including time for traveling between 6 farms in any 2 selected sub-groups/villages | AQ3: 6
B4: Small Farms | C4: =IF(D4<F4,SMALL(E4:F4,1),ROUNDUP(D4,0)) -> 0 | D4: =SQRT(E4) -> 0 | E4: ='1. Application Form'!C65 -> 0 | F4: 3 | G4: √ | H4: Square root of total | I4: 2.4.13.g | L4: 6 to 10 | M4: 6 | N4: 6 | O4: 6 | P4: 0 | Q4: 0 | R4: 6 | U4: Small | V4: =VLOOKUP(('2.Audit Plan'!B79*'1. Application Form'!D65),AA3:AB14,2,TRUE) -> 0.5 | W4: ='2.Audit Plan'!B79/6 -> 0 | Z4: 51 to 100 | AA4: 50 | AB4: 1 | AH4: Combined Audits | AO4: 1.1 | AP4: ='Hidden Lists'!U4 -> Group farms are in reachable distances and it is reasonable to visit up to 5 farms within 8 hours, including time for traveling between 5 farms in any 2 selected sub-groups/villages | AQ4: 5
B5: Large Farms | C5: =IF(D5<F5,SMALL(E5:F5,1),ROUNDUP(D5,0)) -> 0 | D5: =E5*G5 -> 0 | E5: ='1. Application Form'!C66 -> 0 | F5: 3 | G5: 0.25 | H5: 0.4 | I5: 2.4.13.j | L5: 11 to 50 | M5: 11 | N5: 9 | O5: 6 | P5: 1 group of 3 | Q5: 1 | R5: 9 | U5: Large | V5: =VLOOKUP(('2.Audit Plan'!B78*'1. Application Form'!D66),AA3:AB14,2,TRUE) -> 0.5 | W5: ='2.Audit Plan'!B78/3 -> 0 | Z5: 101 to 250 | AA5: 100 | AB5: 1.2 | AI5: 1 | AO5: 1.2 | AP5: ='Hidden Lists'!U5 -> Group farms are distant from each other and it is reasonable to visit up to 4 farms within 8 hours, including time for traveling between 4 farms in any 2 selected sub-groups/villages | AQ5: 4
B6: Processing Sites | C6: =IF(D6<F6,SMALL(E6:F6,1),ROUNDUP(D6,0)) -> 0 | D6: =SQRT(E6) -> 0 | E6: ='1. Application Form'!C67 -> 0 | F6: 3 | G6: √ | H6: Square root of total | I6: 2.4.13.b | L6: 51 to 100 | M6: 51 | N6: 15 | O6: 7 | P6: 1 group of 3 1 group of 5 | Q6: 2 | R6: 12 | Z6: 251 to 350 | AA6: 250 | AB6: 1.7 | AI6: 1.5 | AO6: 1.3 | AP6: ='Hidden Lists'!U6 -> Group farms are quite distant from each other and it is reasonable to visit up to 3 farms within 8 hours, including time for traveling between 3 farms in any 2 selected sub-groups/villages | AQ6: 3
B7: Subcontractors | C7: =IF(D7<F7,SMALL(E7:F7,1),ROUNDUP(D7,0)) -> 0 | D7: =E7*G7 -> 0 | E7: ='1. Application Form'!C70 -> 0 | F7: 3 | G7: 0.33 | H7: Subcontractors, intermediaries and service providers shall all be audited within 3-years time (0,33). | I7: 2.4.9.b | L7: 101 to 250 | M7: 101 | N7: 20 | O7: 10 | P7: 2 groups of 5 | Q7: 2 | R7: 15 | Z7: 351 to 450 | AA7: 350 | AB7: 2.2 | AI7: 1.75
B8: Intermediaries | C8: =IF(D8<F8,SMALL(E8:F8,1),ROUNDUP(D8,0)) -> 0 | D8: =E8*G8 -> 0 | E8: ='1. Application Form'!C71 -> 0 | F8: 3 | G8: 0.33 | H8: Subcontractors, intermediaries and service providers shall all be audited within 3-years time (0,33). | I8: 2.4.9.b | L8: 251 to 500 | M8: 251 | N8: 32 | O8: 12 | P8: 2 groups of 3 1 group of 4 2 groups of 5 | Q8: 5 | R8: 18 | Z8: 451 to 600 | AA8: 450 | AB8: 2.5 | AN8: Risk
B9: Service Providers | C9: =IF(D9<F9,SMALL(E9:F9,1),ROUNDUP(D9,0)) -> 0 | D9: =E9*G9 -> 0 | E9: ='1. Application Form'!C72 -> 0 | F9: 3 | G9: 0.33 | H9: Subcontractors, intermediaries and service providers shall all be audited within 3-years time (0,33). | I9: 2.4.9.b | L9: 501 to 1500 | M9: 501 | N9: 40 | O9: 15 | P9: 2 group of 3 1 group of 4 3 groups of 5 | Q9: 6 | R9: 20 | Z9: 601 to 800 | AA9: 600 | AB9: 2.8 | AN9: A | AO9: 0.9 | AP9: Very Low-Risk Category (A)
B10: Labor Providers | C10: =IF(D10<F10,SMALL(E10:F10,1),ROUNDUP(D10,0)) -> 0 | D10: =E10*G10 -> 0 | E10: ='1. Application Form'!C73 -> 0 | F10: 3 | G10: 1 | H10: All should be audited for each audit. | I10: AR 4.42.a | L10: 1501 to 4000 | M10: 1501 | N10: 50 | O10: 18 | P10: 1 group of 3 1 group of 4 5 groups of 5 | Q10: 7 | R10: 25 | Z10: 801 to 1200 | AA10: 800 | AB10: 3 | AN10: B | AO10: 1 | AP10: Low Risk Category (B)
B11: Purchase centers | C11: =IF(D11<F11,SMALL(E11:F11,1),ROUNDUP(D11,0)) -> 0 | D11: =(SQRT(E11)*0.5) -> 0 | E11: ='1. Application Form'!C74 -> 0 | F11: 3 | G11: √/2 | H11: It should be 50% the sqr. | I11: 2.4.13.a | L11: > 4001 | M11: 4001 | N11: 65 | O11: 25 | P11: 8 groups of 5 | Q11: 8 | R11: 30 | Z11: 1201 to 1800 | AA11: 1200 | AB11: 3.5 | AN11: C | AO11: 1.1 | AP11: Medium Risk Category (C)
B12: Houses | C12: =IF(D12<F12,SMALL(E12:F12,1),ROUNDUP(D12,0)) -> 0 | D12: =SQRT(E12) -> 0 | E12: ='1. Application Form'!H78 -> 0 | F12: 3 | G12: √ | H12: It should be sqr | I12: AR4.9 47.a | Z12: 1801 to 2500 | AA12: 1800 | AB12: 4 | AN12: D | AO12: 1.25 | AP12: High Risk Category (D)
F13: Values in Red, Modfied due to the Provisional Policy | Z13: 2501 to 3500 | AA13: 2500 | AB13: 5 | AN13: E | AO13: 1.5 | AP13: Very High-Risk Category (E)
L14: Audit Date Trigger Factor | P14: Worker Calculation Concat | R14: =SUM(R16:R17) -> 0 | U14: Min. Number Interviews | W14: ='2.Audit Plan'!B87 -> 0 | Z14: > 3500 | AA14: 3500 | AB14: 6
L15: Initial Date | N15: =('2.Audit Plan'!B72-'2.Audit Plan'!B71)+1 -> 1 | R15: Male | S15: Female | T15: <18 years | U15: Totals | V15: General | W15: % Male | X15: %Female | AN15: ='Risk factors'!D63 -> 1. Very low risk | AO15: 0.95
L16: Audit Date | N16: =('2.Audit Plan'!B73-'2.Audit Plan'!B72)+1 -> 1 | P16: Permanent | Q16: Small Farms | R16: ='1. Application Form'!H65 -> 0 | S16: ='1. Application Form'!I65 -> 0 | T16: ='1. Application Form'!J65 -> 0 | U16: =SUM(R16:S16) -> 0 | V16: =(SUM(R16:S16)/(SUM($R$24:$S$24))) -> #DIV/0! | W16: =R16/(R16+S16) -> #DIV/0! | X16: =S16/(R16+S16) -> #DIV/0! | AN16: ='Risk factors'!D64 -> 2. Low risk | AO16: 0.95
N17: =('2.Audit Plan'!B74-'2.Audit Plan'!B73)+1 -> 1 | P17: Permanent | Q17: Large Farms | R17: ='1. Application Form'!H67 -> 0 | S17: ='1. Application Form'!I67 -> 0 | T17: ='1. Application Form'!J67 -> 0 | U17: =SUM(R17:S17) -> 0 | AN17: ='Risk factors'!D65 -> 3. Medium risk | AO17: 1
P18: Temporary | Q18: Small Farms | R18: ='1. Application Form'!H66 -> 0 | S18: ='1. Application Form'!I66 -> 0 | T18: ='1. Application Form'!J66 -> 0 | U18: =SUM(R18:S18) -> 0 | V18: =(SUM(R18:S18)/(SUM($R$24:$S$24))) -> #DIV/0! | W18: =R18/(R18+S18) -> #DIV/0! | X18: =S18/(R18+S18) -> #DIV/0! | AN18: ='Risk factors'!D66 -> 4. High risk | AO18: 1.05
P19: Temporary | Q19: Large Farms | R19: ='1. Application Form'!H68 -> 0 | S19: ='1. Application Form'!I68 -> 0 | T19: ='1. Application Form'!J68 -> 0 | U19: =SUM(R19:S19) -> 0 | AN19: ='Risk factors'!D67 -> 5. Highest risk | AO19: 1.05
P20: Non-adm | Q20: Group | R20: ='1. Application Form'!H73 -> 0 | S20: ='1. Application Form'!I73 -> 0 | T20: ='1. Application Form'!J73 -> 0 | U20: =SUM(R20:S20) -> 0
L21: Transition Audit Trigger | P21: Total Permanent | R21: =SUM(R16:R17) -> 0 | S21: =SUM(S16:S17) -> 0 | V21: =(SUM(R21:S21)/(SUM($R$24:$S$24))) -> #DIV/0! | W21: =R21/(R21+S21) -> #DIV/0! | X21: =S21/(R21+S21) -> #DIV/0!
L22: Audit Type | N22: =IF('1. Application Form'!D36='Hidden Lists'!C10,1,0) -> 0 | P22: Total Temporary | R22: =SUM(R18:R19) -> 0 | S22: =SUM(S18:S19) -> 0 | V22: =(SUM(R22:S22)/(SUM($R$24:$S$24))) -> #DIV/0! | W22: =R22/(R22+S22) -> #DIV/0! | X22: =S22/(R22+S22) -> #DIV/0!
L23: Filling in | N23: =IF('1. Application Form'!D46>0,0,1) -> 1 | P23: Total non-adm | R23: =R20 -> 0 | S23: =S20 -> 0 | V23: =(SUM(R23:S23)/(SUM($R$24:$S$24))) -> #DIV/0! | W23: =R23/(R23+S23) -> #DIV/0! | X23: =S23/(R23+S23) -> #DIV/0!
L24: total | N24: =N22+N23 -> 1 | P24: Totals | R24: =SUM(R16:R20) -> 0 | S24: =SUM(S16:S20) -> 0 | T24: =SUM(T16:T20) -> 0 | U24: =SUM(R24:T24) -> 0 | AN24: Stakeholder consult
AN25: 0
P26: Calculation on proportion of interviews | AN26: 0.32
R27: General/Total | S27: Male | T27: Female
P28: Permanent proportion | R28: =($W$14*V21) -> #DIV/0! | S28: =R28*W21 -> #DIV/0! | T28: =R28*X21 -> #DIV/0!
P29: Temporary proportion | R29: =($W$14*V22) -> #DIV/0! | S29: =R29*W22 -> #DIV/0! | T29: =R29*X22 -> #DIV/0!
P30: Non-adm | R30: =($W$14*V23) -> #DIV/0! | S30: =R30*W23 -> #DIV/0! | T30: =R30*X23 -> #DIV/0!
P33: Calculation on proportion of interviews - Rounding
R34: General/Total | S34: Male | T34: Female
P35: Permanent proportion | R35: =_xlfn.FLOOR.MATH(R28,1) -> #DIV/0! | S35: =_xlfn.FLOOR.MATH(S28,1) -> #DIV/0! | T35: =_xlfn.FLOOR.MATH(T28,1) -> #DIV/0!
P36: Temporary proportion | R36: =_xlfn.FLOOR.MATH(R29,1) -> #DIV/0! | S36: =_xlfn.FLOOR.MATH(S29,1) -> #DIV/0! | T36: =_xlfn.FLOOR.MATH(T29,1) -> #DIV/0!
P37: Non-adm | R37: =_xlfn.FLOOR.MATH(R30,1) -> #DIV/0! | S37: =_xlfn.FLOOR.MATH(S30,1) -> #DIV/0! | T37: =_xlfn.FLOOR.MATH(T30,1) -> #DIV/0!
P39: Calculation on proportion of interviews - Corrections
R40: General/Total | S40: Male | T40: Female
P41: Permanent proportion | R41: =R28-R35 -> #DIV/0! | S41: =S28-S35 -> #DIV/0! | T41: =T28-T35 -> #DIV/0!
P42: Temporary proportion | R42: =R29-R36 -> #DIV/0! | S42: =S29-S36 -> #DIV/0! | T42: =T29-T36 -> #DIV/0!
P43: Non-adm | R43: =R30-R37 -> #DIV/0! | S43: =S30-S37 -> #DIV/0! | T43: =U30-T37 -> #DIV/0!
P45: Calculation on proportion of interviews - Formulas
R46: General/Total | S46: Male | T46: Female
P47: Permanent proportion | R47: =IF(R41<0.49,ROUNDDOWN(R28,0),ROUNDUP(R28,0)) -> #DIV/0! | S47: =IF(S41<0.49,ROUNDDOWN(S28,0),ROUNDUP(S28,0)) -> #DIV/0! | T47: =IF(T41<0.49,ROUNDDOWN(T28,0),ROUNDUP(T28,0)) -> #DIV/0!
P48: Temporary proportion | R48: =IF(R42<0.49,ROUNDDOWN(R29,0),ROUNDUP(R29,0)) -> #DIV/0! | S48: =IF(S42<0.49,ROUNDDOWN(S29,0),ROUNDUP(S29,0)) -> #DIV/0! | T48: =IF(T42<0.49,ROUNDDOWN(T29,0),ROUNDUP(T29,0)) -> #DIV/0!
P49: Non-adm | R49: =IF(R43<0.49,ROUNDDOWN(R30,0),ROUNDUP(R30,0)) -> #DIV/0! | S49: =IF(S43<0.49,ROUNDDOWN(S30,0),ROUNDUP(S30,0)) -> #DIV/0! | T49: =IF(T43<0.49,ROUNDDOWN(T30,0),ROUNDUP(T30,0)) -> #DIV/0!

Sheet Risk factors
A1: Risk indicators for Farm:
A2: =Factors!A1 -> Note for translator: No need to translate this tab
A3: Risk factor | B3: Applicable to: | C3: Location of data | D3: Threshold | E3: Risk point | F3: Comments
A4: # of NC in latest audit | B4: Single & Multi Farm + Group of farms | C4: Previous report from CH | D4: > 2 - 15 | E4: 0 | F4: If 0 or 1 NC raised = risk, if more than 15 NC = risk. Threshold of 15 based on avg # of NC raised in audits that have led to a non-certification decision in West Africa in 2020
A5: # of NC in latest audit | B5: Single & Multi Farm + Group of farms | C5: Previous report from CH | D5: 1<= OR >15 | E5: 1
A6: History of CH | B6: Single & Multi Farm + Group of farms | C6: Registration RACP | D6: Existing CH | E6: 0 | H6: =SUM(E5+E7+E9+E11+E14+E17+E20+E23+E26+E29+E31+E34+E37+E40+E43+E45+E46+E49++E54+E57) -> 45
A7: History of CH | B7: Single & Multi Farm + Group of farms | C7: Registration RACP | D7: New CH | E7: 1 | F7: If CH has not indicated a previous UTZ / RA ID, completely new CH and thus riskier
A8: Non-certification, cancellation, suspension in the last 2 years | B8: Single & Multi Farm + Group of farms | C8: Previous report from CH | D8: No non-certification, suspension or cancellation in the last 2 years | E8: 0 | F8: Non-certification, suspension or cancellation for non-administrative reasons
A9: Non-certification, cancellation, suspension in the last 2 years | B9: Single & Multi Farm + Group of farms | C9: Previous report from CH | D9: Non-certification, suspension or cancellation in the last 2 years | E9: 1
A10: Average estimated yield of main crop of CH | B10: Single & Multi Farm + Group of farms | C10: Calculated on basis of CAF | D10: Up to 1.5*average estimated yield for this crop and this country (benchmark) | E10: 0 | F10: Data on average yield only available for some crops (coffee, tea, cocoa, banana, pineapple, HZ) in some countries - see tab "yield thresholds"
A11: Average estimated yield of main crop of CH | B11: Single & Multi Farm + Group of farms | C11: Calculated on basis of CAF | D11: More than 1.5* average estimated yield for this crop and this country | E11: 1
A12: Total area of main certified crop | B12: Single & Multi Farm | C12: CAF | D12: 0 - 250 | E12: 0 | F12: 53% of CH have between 0 and 250 ha of certified area
A13: Total area of main certified crop | B13: Single & Multi Farm | C13: CAF | D13: >250 - 2 500 | E13: 1 | F13: 96% of CH have between 0 and 2500 ha of certified area
A14: Total area of main certified crop | B14: Single & Multi Farm | C14: CAF | D14: > 2 500 | E14: 2
A15: Average area of main certified crop per group member | B15: Group of farms | C15: Calculated on basis of CAF | D15: 0 - 5 ha | E15: 0 | F15: 75% of CH have an average of between 0 and 5 ha of certified area per group member
A16: Average area of main certified crop per group member | B16: Group of farms | C16: Calculated on basis of CAF | D16: > 5 - 50 ha | E16: 1 | F16: 94% of CH have an average of between 0 and 50 ha of certified area per group member
A17: Average area of main certified crop per group member | B17: Group of farms | C17: Calculated on basis of CAF | D17: >50ha | E17: 2
A18: Total number of group member (small and large) | B18: Group of farms | C18: CAF | D18: 0 - 1000 | E18: 0 | F18: 67% of CH have up to 1000 group members
A19: Total number of group member (small and large) | B19: Group of farms | C19: CAF | D19: > 1000 - 10 000 | E19: 1 | F19: 97% of CH have between 0 and 10 000 group members
A20: Total number of group member (small and large) | B20: Group of farms | C20: CAF | D20: > 10 000 | E20: 2
A21: Average # of temporary workers per group member | B21: Group of farms | C21: Calculated on basis of CAF | D21: 0-50 | E21: 0
A22: Average # of temporary workers per group member | B22: Group of farms | C22: Calculated on basis of CAF | D22: >50-150 | E22: 1
A23: Average # of temporary workers per group member | B23: Group of farms | C23: Calculated on basis of CAF | D23: >150 | E23: 2
A24: Total # of workers below 18 years | B24: Single & Multi Farm + Group of farms | C24: CAF | D24: 0 | E24: 0 | F24: Including temporary, permanent and migrant workers
A25: Total # of workers below 18 years | B25: Single & Multi Farm + Group of farms | C25: CAF | D25: 1 - 2 | E25: 1
A26: Total # of workers below 18 years | B26: Single & Multi Farm + Group of farms | C26: CAF | D26: > 2 | E26: 2
A27: Percentage of large farm group members | B27: Group of farms | C27: Calculated on basis of CAF | D27: 0% of certified group members | E27: 0
A28: Percentage of large farm group members | B28: Group of farms | C28: Calculated on basis of CAF | D28: >0% - 10% of certified group members | E28: 1
A29: Percentage of large farm group members | B29: Group of farms | C29: Calculated on basis of CAF | D29: > 10% of certified group members | E29: 2
A30: Total # of labor providers used | B30: Single & Multi Farm + Group of farms | C30: Calculated on basis of CAF | D30: 0 | E30: 0 | F30: Assumption: the more labor providers, the more challenging to ensure they meet the requirements on worker related point in 5.3. and 5.5. and the risk that the CH is not meeting it either on the other points
A31: Total # of labor providers used | B31: Single & Multi Farm + Group of farms | C31: Calculated on basis of CAF | D31: > 0 | E31: 6
A32: # of houses provided to workers | B32: Single & Multi Farm | C32: CAF | D32: 0 | E32: 0
A33: # of houses provided to workers | B33: Single & Multi Farm | C33: CAF | D33: 1 - 10 | E33: 1
A34: # of houses provided to workers | B34: Single & Multi Farm | C34: CAF | D34: > 10 | E34: 2
A35: Total # of permanent workers | B35: Single & Multi Farm | C35: CAF | D35: 0 - 20 | E35: 0 | F35: 48% of individual / multisite CH have up to 20 permanent workers
A36: Total # of permanent workers | B36: Single & Multi Farm | C36: CAF | D36: > 20 - 50 | E36: 1 | F36: 74% of individual / multisite CH have between 0 and 50 permanent workers
A37: Total # of permanent workers | B37: Single & Multi Farm | C37: CAF | D37: > 50 | E37: 2
A38: Total # of temporary workers | B38: Single & Multi Farm | C38: CAF | D38: 0 - 20 | E38: 0 | F38: 47% of individual / multisite CH have up to 20 temporary workers
A39: Total # of temporary workers | B39: Single & Multi Farm | C39: CAF | D39: > 20 - 100 | E39: 1 | F39: 80% of individual / multisite CH have between 0 and 100 temporary workers
A40: Total # of temporary workers | B40: Single & Multi Farm | C40: CAF | D40: > 100 | E40: 2
A41: Total # of Migrant workers | B41: Single & Multi Farm + Group of farms | C41: CAF | D41: 0 | E41: 0 | F41: No distinction made in terms of age, only if migrant
A42: Total # of Migrant workers | B42: Single & Multi Farm + Group of farms | C42: CAF | D42: 1 - 10 | E42: 1
A43: Total # of Migrant workers | B43: Single & Multi Farm + Group of farms | C43: CAF | D43: > 10 | E43: 2
A44: Number of other certification schemes | B44: Single & Multi Farm + Group of farms | C44: Calculated on basis of CAF | D44: 0 | E44: 0
A45: Number of other certification schemes | B45: Single & Multi Farm + Group of farms | C45: Calculated on basis of CAF | D45: > 0 | E45: 1 | F45: If more than one certification scheme, traceability risk - Ch could potentially double sell
A46: Ratio of female to male permanent workers | B46: Single & Multi Farm | C46: Calculated on basis of CAF | D46: > 0.5 | E46: 5
A47: Ratio of female to male permanent workers | B47: Single & Multi Farm | C47: Calculated on basis of CAF | D47: 0.5 <, > 1 | E47: 3
A48: Ratio of female to male permanent workers | B48: Single & Multi Farm | C48: Calculated on basis of CAF | D48: > 1 | E48: 0
A49: Ratio of female to male temporary workers | B49: Single & Multi Farm | C49: Calculated on basis of CAF | D49: > 0.5 | E49: 5
A50: Ratio of female to male temporary workers | B50: Single & Multi Farm | C50: Calculated on basis of CAF | D50: 0.5 <, > 1 | E50: 3
A51: Ratio of female to male temporary workers | B51: Single & Multi Farm | C51: Calculated on basis of CAF | D51: > 1 | E51: 0
A52: Deforestation risk | B52: Single & Multi Farm + Group of farms | C52: In RA Risk Assessment | D52: all green | E52: 0
A53: Deforestation risk | B53: Single & Multi Farm + Group of farms | C53: In RA Risk Assessment | D53: any orange but no red | E53: 1
A54: Deforestation risk | B54: Single & Multi Farm + Group of farms | C54: In RA Risk Assessment | D54: any red | E54: 2
A55: Encroachment risk | B55: Single & Multi Farm + Group of farms | C55: In RA Risk Assessment | D55: all green | E55: 0
A56: Encroachment risk | B56: Single & Multi Farm + Group of farms | C56: In RA Risk Assessment | D56: any orange but no red | E56: 1
A57: Encroachment risk | B57: Single & Multi Farm + Group of farms | C57: In RA Risk Assessment | D57: any red | E57: 2
A58: Max risk score for Single & Multi Farm | B58: 45
A59: Max risk score for Group of farms | B59: 45
A62: Number of points | B62: Min points | C62: Max points | D62: Risk category
A63: ≤ 2 | B63: 0 | C63: 8 | D63: ='Hidden Lists'!U9 -> 1. Very low risk
A64: 2 < low risk ≤ 4 | B64: 9 | C64: 17 | D64: ='Hidden Lists'!U10 -> 2. Low risk
A65: 4 < medium risk ≤ 7 | B65: 18 | C65: 26 | D65: ='Hidden Lists'!U11 -> 3. Medium risk
A66: 7 < high risk ≤ 10 | B66: 27 | C66: 35 | D66: ='Hidden Lists'!U12 -> 4. High risk
A67: 10 < highest risk | B67: 36 | C67: 45 | D67: ='Hidden Lists'!U13 -> 5. Highest risk
A69: Risk factor WVH | B69: Applicable to: | C69: Location of data | D69: Threshold | E69: Risk point | F69: Comments
A70: Number of women workers hired through labor providers in comparison to the total nr of women workers | C70: Calculated on basis of CAF | D70: <0.10 | E70: 0 | F70: referring to the data included in application form Row 73, Column H and I
A71: Number of women workers hired through labor providers in comparison to the total nr of women workers | C71: Calculated on basis of CAF | D71: >0.10 - <0.5 | E71: 1.5 | H71: =SUM(E71+E72+E75+E80+#REF!) -> #REF!
A72: Number of women workers hired through labor providers in comparison to the total nr of women workers | C72: Calculated on basis of CAF | D72: >0.5 - <1 | E72: 3
A73: Ratio of female to male permanent workers | B73: Single & Multi Farm + Group of farms | C73: Calculated on basis of CAF | D73: <0.5 | E73: 0
A74: Ratio of female to male permanent workers | B74: Single & Multi Farm + Group of farms | C74: Calculated on basis of CAF | D74: >0.5 - <1 | E74: 0.5
A75: Ratio of female to male permanent workers | B75: Single & Multi Farm + Group of farms | C75: Calculated on basis of CAF | D75: > 1 | E75: 1
A76: Ratio of female to male temporary workers | B76: Single & Multi Farm + Group of farms | C76: Calculated on basis of CAF | D76: < 0.5 | E76: 0
A77: Ratio of female to male temporary workers | B77: Single & Multi Farm + Group of farms | C77: Calculated on basis of CAF | D77: >0.5 - <1 | E77: 1
A78: Ratio of female to male temporary workers | B78: Single & Multi Farm + Group of farms | C78: Calculated on basis of CAF | D78: > 1 | E78: 2
A79: Number of women migrant workers in comparison to the total nr of women workers | C79: Calculated on basis of CAF | D79: <0.20 | E79: 0 | F79: referring to the data included in application form Row 74, Column H and I
A80: Number of women migrant workers in comparison to the total nr of women workers | C80: Calculated on basis of CAF | D80: >0.20 - <0.5 | E80: 1.5
A81: Number of women migrant workers in comparison to the total nr of women workers | C81: Calculated on basis of CAF | D81: >0.5 - <1 | E81: 3
A82: Max risk score for Single & Multi Farm | B82: 9
A83: Max risk score for Group of farms | B83: 9
A87: Number of points | B87: Min points | C87: Max points | D87: WFV risk indicators
A88: ≤ 2 | D88: ='Hidden Lists'!U9 -> 1. Very low risk
A89: 2 < low risk ≤ 4 | B89: 0 | C89: 2 | D89: ='Hidden Lists'!U10 -> 2. Low risk
A90: 4 < medium risk ≤ 7 | B90: 2.1 | C90: 4 | D90: ='Hidden Lists'!U11 -> 3. Medium risk
A91: 7 < high risk ≤ 10 | B91: 4.1 | C91: 9 | D91: ='Hidden Lists'!U12 -> 4. High risk
A92: 10 < highest risk | D92: ='Hidden Lists'!U13 -> 5. Highest risk
A94: Risk factor CL | B94: Applicable to: | C94: Location of data | D94: Threshold | E94: Risk point | F94: Comments
A95: Risk level from RA risk map on CL | B95: Single & Multi Farm + Group of farms | D95: low | E95: 0
A96: Risk level from RA risk map on CL | B96: Single & Multi Farm + Group of farms | D96: medium | E96: 1
A97: Risk level from RA risk map on CL | B97: Single & Multi Farm + Group of farms | D97: high | E97: 2
A98: Total # of workers below 18 years | B98: Single & Multi Farm + Group of farms | C98: CAF | D98: 0 | E98: 0 | F98: Including temporary, permanent and migrant workers
A99: Total # of workers below 18 years | B99: Single & Multi Farm + Group of farms | C99: CAF | D99: 1 - 2 | E99: 1
A100: Total # of workers below 18 years | B100: Single & Multi Farm + Group of farms | C100: CAF | D100: > 2 | E100: 2
A101: Max risk score for Single & Multi Farm | B101: 4
A102: Max risk score for Group of farms | B102: 4
B104: Min points | C104: Max points | D104: CL risk indicators
D105: ='Hidden Lists'!U9 -> 1. Very low risk
B106: 0 | C106: 0 | D106: ='Hidden Lists'!U10 -> 2. Low risk
B107: 1 | C107: 2 | D107: ='Hidden Lists'!U11 -> 3. Medium risk
B108: 3 | C108: 4 | D108: ='Hidden Lists'!U12 -> 4. High risk
...

Sheet Crop List
A1: ='Hidden Lists'!A1 -> Note for translator: This tab should be translated, otherwise the dropdown menus will not work
A2: Certification scope | B2: Category | C2: Crop name final | E2: Category List | G2: Important instructions!
A3: RA | B3: Cocoa | C3: Cocoa | E3: Cocoa | G3: After translations/updates ensure the following:
A4: RA | B4: Coffee | C4: Coffee Arabica | E4: Coffee | G4: 1) Sort the crop list per category (B2) from A to Z
A5: RA | B5: Coffee | C5: Coffee Robusta | E5: Flower | G5: 2) Open the Name Manager. You will see the same entries as the category list (E2) as names.
A6: RA | B6: Flower | C6: Ferns | E6: Fruit | G6: 3) Open each name and align it with the translated/updated list. This means that you need to reselect all crop names (column C) and link it to the corresponding category.
A7: RA | B7: Flower | C7: Leather leaf fern | E7: Herbs | G7: No other changes are needed!
A8: RA | B8: Flower | C8: Other ornamental plants | E8: Nuts
A9: RA | B9: Flower | C9: Palm leaves | E9: Tea
A10: RA | B10: Flower | C10: Psyllium | E10: Vegetable
A11: RA | B11: Flower | C11: Rose
A12: RA | B12: Flower | C12: Sunflower
A13: RA | B13: Flower | C13: Various Foliage
A14: RA | B14: Fruit | C14: Açaí
A15: UEBT/RA | B15: Fruit | C15: Apple blossoms
A16: RA | B16: Fruit | C16: Apple fruit
A17: UEBT/RA | B17: Fruit | C17: Apple leaves
A18: UEBT/RA | B18: Fruit | C18: Apricot blossoms
A19: RA | B19: Fruit | C19: Apricot fruit
A20: UEBT/RA | B20: Fruit | C20: Apricot leaves
A21: RA | B21: Fruit | C21: Avocado
A22: RA | B22: Fruit | C22: Banana
... A368: RA | B368: Vegetable | C368: Yam
